 Dungeon Sprint DCSS version 0.32-a0-607-g64ea0e4219 (webtiles) character file.

Game seed: 569939917756210023

47616 rocky1 the Shatterer (level 14, -49/223 HPs)
             Began as a Mountain Dwarf Fighter on Mar 4, 2024.
             Was an Initiate of Gozag.
             Killed from afar by a frost giant (61 damage)
             ... with a bolt of cold
             ... in the Dungeon (Sprint IX: "|||||||||||||||||||||||||||||").
             The game lasted 00:19:06 (8562 turns).

rocky1 the Shatterer (Mountain Dwarf Fighter)       Turns: 8562, Time: 00:19:06

Health: -49/223    AC: 27    Str: 22    XL:     14   Next: 9%
Magic:  14/14      EV: 18    Int: 11    God:    Gozag
Gold:   2540       SH: 15    Dex: 12    Spells: 13/13 levels left

rFire   + . .        y - +0 morningstar
rCold   . . .        t - +2 kite shield {AC+3}
rNeg    . . .        D - +0 chain mail {rF+}
rPois   +            o - +0 helmet
rElec   .            G - +1 cloak of Starlight {*Dazzle EV+4 Stlth--}
rCorr   .            l - +2 pair of gloves {Dex+3}
SInv    .            w - +0 pair of boots
Will    +....        q - amulet of regeneration Stlth
                     m - +2 ring of evasion
HPRegen 1.37/turn    b - ring of poison resistance
MPRegen 0.14/turn

%: no teleportation
@: mighty, berserking, gold aura, hasted and slowed
A: runic magic, artefact enchanting
a: Renounce Religion, Potion Petition, Call Merchant, Bribe Branch


You were in the Dungeon.
You worshipped Gozag.
Gozag was most pleased with you.
You visited 1 branch You collected 14834 gold pieces.
You spent 5971 gold pieces at shops.
You paid 6323 gold pieces to Gozag.

Inventory:

Hand Weapons
 c - the +3 executioner's axe "Dib Cyhi" {holy, Str+3}
   (You found it in the Dungeon)

   Str+3:     It affects your strength (+3).
 i - the +0 war axe "Zevian" {drain, Fly rPois rF++ Stlth-}
   (You bought it in a shop in the Dungeon)

   rF++:      It greatly protects you from fire.
   rPois:     It protects you from poison.
   Fly:       It grants you flight.
   Stlth-:    It makes you less stealthy.
 p - the +16 obsidian axe {drain, demonic, Mesm ^Drain Fly SInv}
   (You bought it in a shop in the Dungeon)

   Mesm:      Its wielder is mesmerised by any visible foes, and it cannot be
   unequipped while any foes are visible.
   SInv:      It lets you see invisible.
   Fly:       It grants you flight.
   ^Drain:    It drains your maximum health when unequipped.
 y - a +0 morningstar (weapon)
Missiles
 E - 4 atropa-tipped darts (quivered)
 I - a throwing net
Armour
 l - a +2 pair of gloves of dexterity (worn)
 o - a +0 helmet (worn)
 t - a +2 kite shield of protection (worn)
 u - a +2 plate armour
 w - a +0 pair of boots (worn)
 D - a +0 chain mail of fire resistance (worn)
 G - the +1 cloak of Starlight (worn) {*Dazzle EV+4 Stlth--}
   (You bought it in a shop in the Dungeon)

   *Dazzle:   It may blind those who miss an attack against the wearer in melee
   combat.
   EV+4:      It affects your evasion (+4).
   Stlth--:   It makes you much less stealthy.
Jewellery
 a - a ring of ice
 b - a ring of poison resistance (right hand)
 m - a +2 ring of evasion (left hand)
 n - a +3 ring of dexterity
 q - an amulet of regeneration (around neck)
Scrolls
 d - a scroll of revelation
 f - a scroll of fog
 j - a scroll of blinking
 k - 2 scrolls of amnesia
 r - 3 scrolls of fear
 s - 5 scrolls of enchant armour
 A - 2 scrolls of identify
 F - a scroll of brand weapon
 H - 2 scrolls of enchant weapon
Potions
 e - 3 potions of curing
 g - 3 potions of brilliance
 h - 4 potions of magic
 x - a potion of mutation
 z - a potion of haste
 B - a potion of lignification
 C - a potion of berserk rage


   Skills:
 - Level 20.5 Fighting
 * Level 18.6(22.8) Axes
 - Level 22.1(24.5) Maces & Flails
 - Level 18.0 Armour
 - Level 10.2 Dodging
 - Level 1.3 Stealth
 - Level 16.6 Shields


You had 13 spell levels left.
You didn't know any spells.
Your spell library was empty.

Dungeon Overview and Level Annotations

Branches:
Dungeon (1/1)

Altars:
Cheibriados
Dithmenos
Elyvilon
Fedhas
Gozag
Hepliaklqana
Kikubaaqudgha
Makhleb
Nemelex Xobeh
Okawaru
Qazlal
Ru
Sif Muna
Trog
Uskayaw
Vehumet
Wu Jian
Xom
Yredelemnul
Zin
The Shining One
Beogh
Jiyva
Lugonu

Shops:
D (*:**([


Innate Abilities, Weirdness & Mutations

Your spellcasting is much less encumbered by armour.
You can use scrolls of enchantment on lesser artefacts.


Message History

Purchase which effect?
You feel much better.
You feel better.
A red film seems to cover your vision as you go berserk!
You feel yourself moving faster!
You feel mighty! Something barely misses you.
You closely miss something. Something touches you.
* * * LOW HITPOINT WARNING * * *
You feel drained.
* * * LOW HITPOINT WARNING * * *
You closely miss something.
Something touches you but does no damage.
You puncture something!
Something touches you but does no damage. x2
You miss something.
Something conjures a glowing orb.
The wavering orb of destruction weakly hits you!!
* * * LOW HITPOINT WARNING * * *
You completely miss something.
You hear some strange, mumbled words.
You feel as though you will be slow longer.
You impale something!!
Reactivating autopickup.
You feel a bit more experienced.
Your life force feels restored.
Your base Axes skill increases to level 18!
You impale the frost giant!!
The frost giant is lightly wounded.
The vampire mage casts a spell.
The frost giant hits you with a +0 battleaxe of freezing!!
* * * LOW HITPOINT WARNING * * *
The frost giant freezes you.
* * * LOW HITPOINT WARNING * * *
You hear a deafening roar!
You impale the frost giant!!
The frost giant is moderately wounded.
You hit the frost giant but do no damage.
The frost giant is moderately wounded.
The frost giant casts a spell at you. The bolt of cold hits you!!!
You die...
Your body crumbles into a pile of gold.

▓▓▓▓▓▓▓▓▓▓▓▓▓▓▓▓▓▓
▓...▓...▓...▓...▓.
▓.▓.▓.▓.▓.▓.▓.▓.▓.
▓.▓.▓.▓.▓.▓.▓.▓.▓.
▓.▓.▓.▓.▓.▓.▓.▓.▓.
▓.▓.▓.▓.▓.▓.▓.▓.▓.
▓.▓.▓.▓.▓.▓.▓.▓.▓.
▓@▓.▓.▓.▓.▓.▓.▓.▓.
▓C▓.▓[▓.▓.▓.▓.▓.▓'
▓C▓.▓.▓.▓.▓.▓.▓.▓.
▓T▓)▓.▓.▓'▓.▓.▓.▓.
▓.▓.▓.▓.▓.▓.▓.▓.▓.
▓C▓)▓.▓.▓.▓.▓.▓.▓.
▓D▓)▓.▓[▓=▓.▓.▓.▓.
▓V▓)▓.▓.▓=▓.▓'▓.▓.
▓.▓)▓.▓.▓.▓.▓[▓.▓.


You could see a frost giant, a fire giant, a fire dragon, a stone giant, a
vampire mage and a deep troll earth mage.

Vanquished Creatures
  A lich (D)
  Kirke (D)
  A fire giant (D)
  A stone giant (D)
  An eleionoma (D)
  Azrael (D)
  An ettin (D)
  2 fire dragons (D)
  A hydra (D)
  An entropy weaver (D)
  Erolcha (D)
  An ice dragon (D)
  Erica (D)
  An alligator (D)
  An ogre mage (D)
  A centaur warrior (D)
  A catoblepas (D)
  A two-headed ogre (D)
  3 demonic crawlers (D)
  A tengu warrior (D)
  2 shock serpents (D)
  A naga sharpshooter (D)
  An occultist (D)
  5 orc high priests (D)
  A naga warrior (D)
  A goliath frog (D)
  2 sea snakes (D)
  A pharaoh ant (D)
  A spriggan druid (D)
  2 naga ritualists (D)
  A steelbarb worm (D)
  3 lindwurms (D)
  2 deep elf pyromancers (D)
  A bog body (D)
  10 orc knights (D)
  A harpy (D)
  An orc sorcerer (D)
  2 ugly things (D)
  2 moths of wrath (D)
  A salamander (D)
  A torpor snail (D)
  2 cane toads (D)
  A water nymph (shapeshifter) (D)
  A water nymph (D)
  A naga mage (D)
  4 komodo dragons (D)
  Psyche (D)
  A polar bear (D)
  2 tengu conjurers (D)
  4 tyrant leeches (D)
  A hornet (D)
  3 merfolk (D)
  A raiju (D)
  2 snapping turtles (D)
  A dream sheep (D)
  2 culicivoras (D)
  3 hogs (D)
  A spriggan (D)
  A vampire (D)
  3 fire elementals (D)
  A steam dragon (D)
  3 wyverns (D)
  A vampire mosquito (D)
  A warg (D)
  A naga (D)
  3 hell hounds (D)
  5 water moccasins (D)
  10 orc warriors (D)
  A laughing skull (D)
  A wolf (D)
  An ogre (D)
  A phantom (D)
  A bullfrog (D)
  2 wights (D)
  2 killer bees (D)
  4 orc priests (D)
  2 hounds (D)
  An iguana (D)
  6 orc wizards (D)
  A gnoll (D)
  2 ribbon worms (D)
  6 orcs (D)
  An endoplasm (D)
  A giant cockroach (D)
  A hobgoblin (D)
  2 bats (D)
161 creatures vanquished.

Vanquished Creatures (collateral kills)
  Saint Roka (D)
1 creature vanquished.

Vanquished Creatures (others)
  A vampire mage (D)
  A bloated husk (D)
2 creatures vanquished.

Grand Total: 164 creatures vanquished

Notes
Turn   | Place    | Note
-------+----------+-------------------------------------------
     0 | D        | rocky1 the Mountain Dwarf Fighter began the quest for the
                  | Orb.
     0 | D        | Reached XP level 1. HP: 19/19 MP: 1/1
    30 | D        | Noticed a phantom
    30 | D        | Noticed a hound
    30 | D        | Noticed a hound
    30 | D        | Noticed an iguana
    41 | D        | Reached skill level 3 in Maces & Flails
    41 | D        | Reached XP level 2. HP: 27/27 MP: 2/2
    43 | D        | Killed a phantom
    44 | D        | Reached skill level 5 in Fighting
    44 | D        | Reached skill level 5 in Maces & Flails
    44 | D        | Reached skill level 5 in Armour
    44 | D        | Reached skill level 1 in Dodging
    44 | D        | Reached skill level 5 in Shields
    44 | D        | Reached XP level 3. HP: 36/36 MP: 3/3
    44 | D        | Reached XP level 4. HP: 42/42 MP: 4/4
    52 | D        | Reached skill level 6 in Maces & Flails
    52 | D        | Reached XP level 5. HP: 50/50 MP: 5/5
   115 | D        | Found a roughly hewn altar of Beogh.
   115 | D        | Found a snail-covered altar of Cheibriados.
   115 | D        | Found a shadowy altar of Dithmenos.
   115 | D        | Found a white marble altar of Elyvilon.
   115 | D        | Found a blossoming altar of Fedhas.
   115 | D        | Found an opulent altar of Gozag.
   116 | D        | Found a hazy altar of Hepliaklqana.
   117 | D        | Found a viscous altar of Jiyva.
   118 | D        | Found an ancient bone altar of Kikubaaqudgha.
   145 | D        | Found a corrupted altar of Lugonu.
   146 | D        | Found a burning altar of Makhleb.
   147 | D        | Found a sparkling altar of Nemelex Xobeh.
   148 | D        | Found an iron altar of Okawaru.
   149 | D        | Became a worshipper of Gozag Ym Sagoz the Greedy
   150 | D        | Found a stormy altar of Qazlal.
   151 | D        | Found a sacrificial altar of Ru.
   152 | D        | Found a shimmering blue altar of Sif Muna.
   153 | D        | Found a bloodstained altar of Trog.
   154 | D        | Found a hide-covered altar of Uskayaw.
   155 | D        | Found a radiant altar of Vehumet.
   156 | D        | Found an ornate altar of the Wu Jian Council.
   157 | D        | Found a shimmering altar of Xom.
   158 | D        | Found a basalt altar of Yredelemnul.
   159 | D        | Found a glowing silver altar of Zin.
   160 | D        | Found a glowing golden altar of the Shining One.
   309 | D        | Noticed a wyvern
   309 | D        | Noticed a komodo dragon
   312 | D        | Reached skill level 7 in Maces & Flails
   313 | D        | Reached skill level 8 in Maces & Flails
   315 | D        | Reached XP level 6. HP: 35/60 MP: 6/6
   316 | D        | Killed a wyvern
   317 | D        | Reached skill level 9 in Maces & Flails
   572 | D        | Killed a komodo dragon
   573 | D        | Reached skill level 11 in Maces & Flails
   573 | D        | Reached XP level 7. HP: 69/69 MP: 7/7
   883 | D        | Noticed a tengu conjurer
   883 | D        | Noticed a deep elf pyromancer
   883 | D        | Noticed a vampire
   883 | D        | Noticed a two-headed ogre
   883 | D        | Noticed a vampire mosquito
   883 | D        | Noticed a deep elf pyromancer
   892 | D        | Killed a tengu conjurer
   901 | D        | Killed a deep elf pyromancer
   902 | D        | Reached skill level 12 in Maces & Flails
   902 | D        | Reached skill level 10 in Armour
   902 | D        | Reached XP level 8. HP: 61/79 MP: 8/8
   911 | D        | Reached skill level 10 in Fighting
   911 | D        | Reached skill level 13 in Maces & Flails
   911 | D        | Reached skill level 10 in Shields
   915 | D        | Killed a two-headed ogre
   916 | D        | Reached skill level 14 in Maces & Flails
   916 | D        | Reached XP level 9. HP: 46/86 MP: 9/9
   925 | D        | Killed a deep elf pyromancer
   926 | D        | Reached skill level 1 in Stealth
  1454 | D        | Noticed a torpor snail
  1454 | D        | Noticed a komodo dragon
  1457 | D        | Reached skill level 15 in Maces & Flails
  1461 | D        | Noticed a komodo dragon
  1469 | D        | Killed a torpor snail
  1478 | D        | Killed a komodo dragon
  1498 | D        | Reached skill level 16 in Maces & Flails
  1507 | D        | Killed a komodo dragon
  1508 | D        | Reached XP level 10. HP: 91/97 MP: 10/10
  1930 | D        | Noticed a cane toad
  1930 | D        | Noticed a cane toad
  1938 | D        | Killed a cane toad
  1950 | D        | Killed a cane toad
  1953 | D        | Reached skill level 17 in Maces & Flails
  1975 | D        | Reached skill level 5 in Dodging
  2241 | D        | Bought a shiny kite shield for 210 gold pieces
  2241 | D        | Bought a spiked plate armour for 784 gold pieces
  2241 | D        | Identified the +0 plate armour of the Grape {*Corrode rF++}
                  | (You bought it in a shop in the Dungeon)
  2241 | D        | Bought a glowing cloak for 210 gold pieces
  2358 | D        | Noticed a lindwurm
  2358 | D        | Noticed a lindwurm
  2371 | D        | Noticed a lindwurm
  2491 | D        | Killed a lindwurm
  2492 | D        | Reached skill level 18 in Maces & Flails
  2503 | D        | Killed a lindwurm
  2516 | D        | Killed a lindwurm
  2517 | D        | Reached XP level 11. HP: 54/107 MP: 11/11
  3154 | D        | Noticed Erica
  3164 | D        | Killed Erica
  3368 | D        | Noticed an orc sorcerer
  3369 | D        | Paralysed by an orc sorcerer for 2 turns
  3372 | D        | Noticed an orc knight
  3375 | D        | Killed an orc sorcerer
  3400 | D        | Noticed an orc knight
  3402 | D        | Killed an orc knight
  3403 | D        | Reached skill level 19 in Maces & Flails
  3427 | D        | Killed an orc knight
  3788 | D        | Found Hikluts's General Store.
  3788 | D        | Noticed an orc high priest
  3788 | D        | Noticed an orc knight
  3788 | D        | Noticed an orc high priest
  3788 | D        | Noticed an orc high priest
  3788 | D        | Noticed an orc knight
  3789 | D        | Noticed an orc knight
  3791 | D        | Noticed an orc knight
  3793 | D        | Killed an orc high priest
  3794 | D        | Found Gozaymyt's Book Shoppe.
  3794 | D        | Noticed an orc high priest
  3799 | D        | Killed an orc knight
  3800 | D        | Reached skill level 15 in Fighting
  3800 | D        | Reached skill level 15 in Armour
  3802 | D        | Noticed an orc knight
  3809 | D        | Killed an orc high priest
  3816 | D        | Killed an orc high priest
  3824 | D        | Killed an orc knight
  3825 | D        | Found Egerer's General Store.
  3825 | D        | Noticed an orc knight
  3826 | D        | Noticed an orc knight
  3834 | D        | Killed an orc knight
  3834 | D        | Noticed an orc knight
  3841 | D        | Noticed an orc high priest
  3842 | D        | Killed an orc knight
  3847 | D        | Killed an orc high priest
  3848 | D        | Found Gowi's General Store.
  3860 | D        | Killed an orc knight
  3865 | D        | Killed an orc knight
  3866 | D        | Reached skill level 20 in Maces & Flails
  3866 | D        | Reached XP level 12. HP: 81/124 MP: 12/12
  3901 | D        | Killed an orc high priest
  4296 | D        | Bought a scroll of enchant armour for 75 gold pieces
  4296 | D        | Bought a scroll of fog for 40 gold pieces
  4296 | D        | Bought a scroll of fog for 40 gold pieces
  4296 | D        | Bought a potion of haste for 100 gold pieces
  4300 | D        | Bought a scroll of identify for 20 gold pieces
  4300 | D        | Bought a potion of lignification for 30 gold pieces
  4300 | D        | Bought a potion of berserk rage for 50 gold pieces
  4300 | D        | Bought a scroll of poison for 40 gold pieces
  4302 | D        | Bought 4 atropa-tipped darts for 50 gold pieces
  4302 | D        | Bought a scroll of brand weapon for 133 gold pieces
  4302 | D        | Bought a scroll of enchant armour for 105 gold pieces
  4702 | D        | Bought the +1 cloak of Starlight {*Dazzle EV+4 Stlth--} for
                  | 854 gold pieces
  4702 | D        | Found the +1 cloak of Starlight {*Dazzle EV+4 Stlth--}
  4924 | D        | Noticed Psyche
  4931 | D        | Killed Psyche
  4949 | D        | Noticed Erolcha
  4958 | D        | Killed Erolcha
  5038 | D        | Got the +3 executioner's axe "Dib Cyhi" {holy, Str+3}
  5106 | D        | Noticed a catoblepas
  5106 | D        | Noticed an ogre mage
  5112 | D        | Noticed a centaur warrior
  5114 | D        | Noticed a tengu warrior
  5126 | D        | Noticed a vampire mage
  5135 | D        | Killed a catoblepas
  5142 | D        | Noticed an ice dragon
  5149 | D        | Noticed a fire dragon
  5152 | D        | Killed an ogre mage
  5153 | D        | Noticed a fire giant
  5160 | D        | Noticed a stone giant
  5164 | D        | Killed a centaur warrior
  5174 | D        | Killed a tengu warrior
  5175 | D        | Reached skill level 15 in Shields
  5187 | D        | Killed a vampire mage
  5194 | D        | Killed an ice dragon
  5202 | D        | Killed a fire dragon
  5202 | D        | Noticed a fire dragon
  5207 | D        | Killed a fire giant
  5208 | D        | Reached skill level 21 in Maces & Flails
  5212 | D        | HP: 3/128 [stone giant (30)]
  5213 | D        | Killed a stone giant
  5219 | D        | HP: 6/128 [fire dragon (4)]
  5227 | D        | Killed a fire dragon
  5384 | D        | Noticed Azrael
  5409 | D        | Killed Azrael
  5722 | D        | Reached XP level 13. HP: 90/137 MP: 13/13
  5774 | D        | HP: 2/139 [naga ritualist/splash of poison (15)]
  6120 | D        | Noticed an eleionoma
  6144 | D        | Reached skill level 10 in Dodging
  6152 | D        | Killed an eleionoma
  6175 | D        | Reached skill level 22 in Maces & Flails
  6337 | D        | Bought a fine war axe for 289 gold pieces
  6337 | D        | Identified the +0 war axe "Zevian" {drain, Fly rPois rF++
                  | Stlth-} (You bought it in a shop in the Dungeon)
  6407 | D        | Reached skill level 1 in Axes
  6790 | D        | Bought the +16 obsidian axe {drain, demonic, Mesm ^Drain
                  | Fly SInv} for 2941 gold pieces
  6790 | D        | Found the +16 obsidian axe {drain, demonic, Mesm ^Drain Fly
                  | SInv}
  7246 | D        | Reached skill level 10 in Axes
  7956 | D        | Noticed Kirke
  7962 | D        | Noticed a sphinx
  7980 | D        | Noticed Saint Roka
  7982 | D        | Killed Kirke
  7983 | D        | Reached skill level 15 in Axes
  8020 | D        | Killed Saint Roka
  8021 | D        | Reached XP level 14. HP: 42/149 MP: 14/14
  8508 | D        | Noticed a frost giant
  8508 | D        | Noticed a lich
  8520 | D        | Noticed a stone giant
  8526 | D        | Noticed a fire giant
  8559 | D        | Killed a lich
  8560 | D        | HP: 11/223 [frost giant/+0 battleaxe of freezing (20)]
  8562 | D        | Killed from afar by a frost giant

Illustrated notes

Levels and vault maps discovered:
D:        linesprint [early_d, line_temple, items_1, d_10, items_2, lair_1,
          lair_end, items_3, orc_1, orc_end, items_4, d_15, swamp_1, shoals_1,
          snake_1, spider_1, d_20, vaults_1, items_5, swamp_end, shoals_end,
          snake_end, spider_end, vaults_end, d_27, items_6, zot_1, zot_end,
          crypt_end, forest_end, elf_end, slime_end, tomb_end, abyss_end,
          pan_hell_end]

Skill      XL: |  1  2  3  4  5  6  7  8  9 10 11 12 13 14 |
---------------+-------------------------------------------+-----
Shields        | 4 5 6 7 9 10 11 12 14 15 16 | 16.6
Fighting       | 4 5 6 7 8 9 10 12 13 16 19 20 | 20.5
Maces & Flails | 3 5 6 8 11 12 14 16 18 20 21 22 | 22.1
Armour         | 4 5 6 7 9 10 11 12 14 15 17 18 | 18.0
Dodging        | 1 2 3 4 5 7 9 10 | 10.2
Stealth        | 1 |  1.3
Axes           | 17 18 | 18.6

Action                     |  1- 3 |  4- 6 |  7- 9 | 10-12 | 13-15 || total
---------------------------+-------+-------+-------+-------+-------++-------
  Melee: Flail             |    32 |    21 |    88 |   258 |       ||   399
         Morningstar       |       |       |       |   340 |   229 ||   569
         Broad axe         |       |       |       |       |   103 ||   103
 Invoke: Call Merchant     |       |       |       |     2 |     1 ||     3
         Potion Petition   |       |       |       |     5 |     5 ||    10
  Evoke: Wand              |       |     7 |       |       |       ||     7
    Use: Potion            |     1 |     1 |     3 |     7 |     4 ||    16
         Scroll            |       |       |       |     1 |     5 ||     6
   Stab: Invisible         |       |       |     2 |    13 |     4 ||    19
         Distracted        |       |       |       |     5 |     4 ||     9
 Armour: Scale mail        |    12 |     4 |       |       |       ||    16
         Plate armour      |       |     9 |    39 |   169 |   114 ||   331
         Swamp dragon scal |       |       |       |    91 |       ||    91
         Chain mail        |       |       |       |       |    38 ||    38
  Dodge: Dodged            |    25 |     9 |    21 |   125 |    97 ||   277
  Block: Buckler           |     8 |     3 |    15 |    17 |       ||    43
         Kite shield       |       |       |       |   161 |   168 ||   329

Table legend: (Time is in decaauts)
 A = Elapsed time spent in this place.
 B = Non-inter-level travel time spent in this place.
 C = Inter-level travel time spent in this place.
 D = Time resting spent in this place.
 E = Time spent auto-exploring this place.
 F = Levels seen in this place.
 G = Mean time per level.
                   A        B        C        D        E       F      G
               +--------+--------+--------+--------+--------+-----+--------+
         Total |   8296 |   6964 |   1332 |   4397 |      0 |   1 | 8296.0 |
       Dungeon |   8296 |   6964 |   1332 |   4397 |      0 |   1 | 8296.0 |
               +--------+--------+--------+--------+--------+-----+--------+

Top non-repeatable levels by time:
       D: 8296 daAuts
